 Dungeon Crawl Stone Soup version 0.22-a0-812-g4c1e2d5471 (webtiles) character file.

253001 Mirvelgyr the Executioner (level 19, -4/172 HPs)
             Began as a Minotaur Berserker on July 23, 2018.
             Was an Elder of Trog.
             Slain by an alligator snapping turtle (92 damage)
             ... on level 4 of the Shoals.
             The game lasted 01:10:23 (32358 turns).

Mirvelgyr the Executioner (Minotaur Berserker)     Turns: 32358, Time: 01:10:23

Health: -4/172     AC: 42    Str: 27    XL:     19   Next: 36%
Magic:  6/6        EV: 13    Int:  4    God:    Trog [****..]
Gold:   1182       SH:  0    Dex: 15    Spells: 18/18 levels left

rFire    + . .     SeeInvis +   t - +9 executioner's axe (antimagic)
rCold    + + .     Gourm    +   (shield currently unavailable)
rNeg     + . .     Faith    .   u - +11 gold dragon scales of Qiluetso {rPois rF+ rC+ rCorr SInv}
rPois    +         Spirit   .   C - +2 hat {SInv}
rElec    +         Reflect  .   i - +0 cloak of Keucw {rElec rC+ rCorr}
rCorr    +         Harm     .   P - +2 pair of gloves
MR       ++...                  J - +2 pair of boots {Stlth+}
Stlth    ..........             a - amulet of the gourmand
HPRegen  0.78/turn              E - ring of positive energy
MPRegen  0.10/turn              v - ring of protection from magic

@: sleeping, berserk cooldown, drained
A: retaliatory headbutt, horns 2, regeneration 1, strong 1, wild magic 1
}: 1/15 runes: serpentine
a: Berserk, Trog's Hand, Brothers in Arms, Renounce Religion


You were on level 4 of the Shoals.
You worshipped Trog.
Trog was greatly pleased with you.
You were very full.

You visited 5 branches of the dungeon, and saw 31 of its levels.

You collected 3713 gold pieces.
You spent 2531 gold pieces at shops.

Inventory:

Hand Weapons
 t - a +9 antimagic executioner's axe (weapon)
Armour
 i - the +0 cloak of Keucw (worn) {rElec rC+ rCorr}
   (You found it on level 10 of the Dungeon)

   It protects you from cold.
   It insulates you from electricity.
   It provides partial protection from all sources of acid and corrosion.
 u - the +11 gold dragon scales of Qiluetso (worn) {rPois rF+ rC+ rCorr SInv}
   (You acquired it on level 1 of the Shoals)

   It protects you from fire.
   It protects you from cold.
   It protects you from poison.
   It lets you see invisible.
   It provides partial protection from all sources of acid and corrosion.
 C - a +2 hat of see invisible (worn)
 J - a +2 pair of boots of stealth (worn)
 P - a +2 pair of gloves (worn)
 U - the +0 pair of boots "Noqipt" {rC+}
   (You acquired it on level 2 of the Orcish Mines)

   It protects you from cold.
Jewellery
 a - an amulet of the gourmand (around neck)
 v - a ring of protection from magic (right hand)
 E - a ring of positive energy (left hand)
Wands
 j - a wand of digging (7)
 H - a wand of disintegration (61)
 N - a wand of paralysis (11)
Scrolls
 b - 3 scrolls of enchant weapon
 k - 15 scrolls of teleportation
 m - 8 scrolls of remove curse
 r - 8 scrolls of blinking
 w - 4 scrolls of fear
 y - 7 scrolls of fog
 G - 4 scrolls of silence
 I - a scroll of brand weapon
 R - 4 scrolls of magic mapping
 S - 6 scrolls of identify
Potions
 e - 9 potions of mutation
 h - 3 potions of haste
 l - 3 potions of magic
 n - 4 potions of cancellation
 o - 10 potions of curing
 s - 5 potions of agility
 z - 9 potions of brilliance
 A - 2 potions of resistance
 B - a potion of invisibility
 D - 3 potions of flight
 L - 3 potions of heal wounds
 M - a potion of might
 O - 3 potions of ambrosia
Miscellaneous
 T - a phial of floods
Comestibles
 c - 66 rations


   Skills:
 - Level 16.1(15.0) Fighting
 + Level 24.8(23.5) Axes
 - Level 15.9(14.8) Armour
 - Level 14.8(13.7) Dodging
   Level 11.7(10.7) Shields


You had 18 spell levels left.
You didn't know any spells.
Your spell library was empty.

Dungeon Overview and Level Annotations

Branches:
Dungeon (15/15)            Temple (0/1) D:6            Lair (6/6) D:10
 Shoals (4/4) Lair:2        Snake (4/4) Lair:2        Slime (0/5) Lair:6
    Orc (2/2) D:9             Elf (0/3) Orc:2        Vaults (0/5) D:14
 Depths (0/5) D:15

Altars:
Cheibriados
Elyvilon
Fedhas
Gozag
Hepliaklqana
Qazlal
Ru
Trog
Uskayaw
Zin
Beogh

Shops:
D:6 }   D:9 :[   Orc:2 (}(?*   Shoals:1 *   Shoals:3 (*   Snake:3 }=}

Portals:
Pandemonium: Orc:2

Annotations:
Shoals:3 1 exclusion


Innate Abilities, Weirdness & Mutations

You reflexively headbutt those who attack you in melee.
You have a pair of horns on your head.
Your natural rate of healing is unusually fast.
Your muscles are strong. (Str +2)
Your spells are a little harder to cast, but a little more powerful.


Message History

You hit the alligator snapping turtle but do no damage.
The alligator snapping turtle is almost dead.
The alligator snapping turtle bites you!
You slash the alligator snapping turtle!
You headbutt the alligator snapping turtle.
The alligator snapping turtle is almost dead.
The merfolk hits you but does no damage.
The alligator snapping turtle bites you but does no damage.
A dream sheep comes into view.
You feel yourself speed up.
The dream sheep bleats!
The merfolk hits you but does no damage.
The merfolk aquamancer gestures wildly while chanting.
The merfolk aquamancer blinks!
A water elemental comes into view.
The dream sheep shake their wool and sparkle.
You feel drowsy...
You fall asleep.
The alligator snapping turtle bites you from afar!!!!
Ouch! That really hurt!
You die...

≈≈P##...≈.PP#≈≈≈≈≈(....≈≈≈≈≈
≈≈P≈....(≈PP#...........≈≈≈≈
≈≈≈..PP.(##P............≈≈≈≈
≈≈≈PP....)..............≈≈PP
≈≈≈......((...........§.≈≈PP
.≈≈...≈≈≈..(...=.......≈≈#
..≈....≈...............)≈#..
..=.........)(.(.......(t)c.
..........@.t≈.(.)..)(##k..
.≈.......Y..≈≈≈......))# ..
≈......km..≈≈≈≈......)# .
..........m.≈≈≈≈....≈≈#
..≈.YC.....≈≈≈...≈≈≈≈≈.
.Y≈≈≈§≈..........≈≈≈≈≈.
≈≈≈c.............≈≈≈≈≈≈
.≈≈.E.....#......≈≈≈≈≈≈≈
....≈.........≈≈≈≈≈.≈≈≈≈


You could see an alligator snapping turtle, a merfolk aquamancer, a wind drake,
a merfolk, a faun, a cyclops, a water elemental (wandering) and 3 dream sheep.

Vanquished Creatures
  Rupert (Lair:5)
  The ghost of Qigyucag the Bludgeoner, an adept MiBe of Trog (Shoals:3)
  Ilsuiw (Shoals:2)
  6 nagarajas
  An orc warlord (Orc:2)
  Louise (Shoals:1)
  2 merfolk javelineers (Shoals:3)
  4 merfolk impalers
  Josephine (Lair:5)
  4 hydras
  14 naga warriors
  Fannar (D:12)
  Harold (D:9)
  Erica (D:9)
  A merfolk aquamancer (Shoals:4)
  2 centaur warriors
  10 two-headed ogres
  2 merfolk avatars
  2 dancing weapons (D:14)
  21 anacondas
  An alligator snapping turtle (Shoals:4)
  2 ogre magi
  A satyr (Shoals:4)
  5 shock serpents
  3 orc high priests (Orc:2)
  A soul eater (Orc:2)
  7 naga sharpshooters
  A sun demon (Orc:2)
  3 salamander mystics
  A fire crab (shapeshifter) (D:8)
  6 sea snakes
  3 unseen horrors
  9 naga ritualists
  3 infernal demonspawn (Orc:2)
  11 wizards
  7 orc knights
  4 harpies (Shoals:3)
  The ghost of strelocc the Destroyer, a novice DEFE of Vehumet (D:8)
  8 ugly things
  12 mana vipers
  11 salamanders
  10 orc sorcerers
  2 deep elf magi
  13 manticores
  4 oklob plants
  5 cyclopes
  11 fauns
  Maurice (D:9)
  A centaur zombie (D:13)
  8 merfolk sirens
  10 guardian serpents
  4 water nymphs
  43 black mambas
  13 elephants
  A torpor snail (Lair:3)
  16 naga magi
  2 gargoyles
  6 spiny frogs
  3 centaur skeletons
  5 rime drakes
  6 kobold demonologists
  8 komodo dragons
  An ice devil (Orc:2)
  A tengu conjurer (D:13)
  A queen bee (shapeshifter) (D:8)
  21 merfolk
  4 polar bears (Lair:6)
  A red devil (Orc:2)
  6 hornets (Lair:6)
  4 trolls
  3 wind drakes
  3 slime creatures (D:13)
  11 dream sheep
  11 hippogriffs
  33 blink frogs
  5 snapping turtles
  Sigmund (D:6)
  3 water elementals
  A ynoxinul (Orc:2)
  12 spriggans (Lair:6)
  A wyvern (Lair:5)
  61 yaks
  7 wraiths
  Eustachio (D:6)
  A human (D:9)
  2 hungry ghosts
  A steam dragon (Lair:4)
  A neqoxec (D:8)
  Menkaure (D:7)
  4 wargs
  47 nagas
  Edmund (D:6)
  14 porcupines
  43 orc warriors
  8 water moccasins
  4 necrophages
  2 sky beasts (D:12)
  3 ice beasts
  5 black bears
  17 ogres
  4 boggarts (Lair:6)
  29 wolves
  2 eyes of draining
  27 centaurs
  15 crocodiles
  4 big kobolds
  18 bullfrogs
  4 gnoll sergeants
  5 scorpions
  7 killer bees
  15 wights
  A howler monkey (D:4)
  2 bullfrog zombies
  3 crimson imps
  A quasit (D:11)
  6 jellies
  37 orc priests
  4 hounds
  Crazy Yiuf (D:6)
  A gnoll shaman (D:6)
  4 iguanas
  6 worker ants
  12 orc wizards
  A worker ant zombie (D:6)
  12 adders
  21 gnolls
  3 shadow imps
  5 oozes
  3 adder zombies
  3 worms
  4 dart slugs (D:1)
  5 leopard geckos
  91 orcs
  7 giant cockroaches
  9 goblins
  10 hobgoblins
  30 jackals
  5 quokkas
  2 ball pythons
  7 bats
  5 frilled lizards
  A giant cockroach zombie (D:6)
  24 kobolds
  A leopard gecko skeleton (D:4)
  13 rats
  3 fungi
  16 plants
1184 creatures vanquished.

Vanquished Creatures (collateral kills)
  A nagaraja (Snake:4)
  A very ugly thing (D:8)
  3 merfolk impalers
  2 anacondas (Snake:4)
  A merfolk aquamancer (Shoals:4)
  A satyr (Shoals:4)
  A naga sharpshooter (Snake:4)
  An obsidian statue (Shoals:3)
  A naga ritualist (Snake:4)
  An oklob plant (Lair:4)
  A faun (Shoals:4)
  3 naga magi (Snake:4)
  An ugly thing (D:8)
  A guardian serpent (Snake:4)
  A water nymph (Shoals:3)
  2 komodo dragons (Lair:4)
  2 merfolk (Shoals:3)
  A wind drake (Shoals:4)
  2 snapping turtles
  A basilisk (Lair:4)
  A naga (Snake:4)
  A soldier ant (shapeshifter) (D:8)
  A porcupine (Lair:4)
  A bullfrog (Lair:4)
  5 plants
37 creatures vanquished.

Vanquished Creatures (others)
  A centaur warrior (D:13)
  A two-headed ogre (D:15)
  A deep elf mage (D:15)
  3 slime creatures (D:13)
  A soldier ant (D:15)
  2 centaurs
  A crocodile (Lair:2)
  A bullfrog (Lair:1)
  A wyvern zombie (D:14)
  2 orcs (D:9)
  A bush (Lair:2)
  5 fungi
  18 plants
38 creatures vanquished.

Grand Total: 1259 creatures vanquished

Notes
Turn   | Place    | Note
-------+----------+-------------------------------------------
     0 | D:1      | Mirvelgyr the Minotaur Berserker began the quest for the Orb.
     0 | D:1      | Reached XP level 1. HP: 19/19 MP: 0/0
    94 | D:1      | Reached skill level 4 in Axes
    94 | D:1      | Reached XP level 2. HP: 27/27 MP: 1/1
   437 | D:1      | Reached XP level 3. HP: 33/33 MP: 2/2
   509 | D:1      | Reached ** piety under Trog
   637 | D:2      | Found an opulent altar of Gozag.
   754 | D:2      | Reached XP level 4. HP: 39/40 MP: 3/3
  1026 | D:2      | Reached skill level 5 in Axes
  1124 | D:2      | Reached *** piety under Trog
  1376 | D:3      | Found a sacrificial altar of Ru.
  1378 | D:3      | Found a hide-covered altar of Uskayaw.
  1537 | D:3      | Reached XP level 5. HP: 44/47 MP: 4/4
  2048 | D:4      | Reached XP level 6. HP: 48/55 MP: 5/5
  2101 | D:4      | Reached skill level 6 in Axes
  2408 | D:4      | Reached **** piety under Trog
  2725 | D:5      | Entered Level 5 of the Dungeon
  2803 | D:5      | Reached skill level 5 in Fighting
  2901 | D:5      | Found a snail-covered altar of Cheibriados.
  2951 | D:5      | You fall through a shaft for 2 floors!
  3038 | D:6      | Found Zeqa's Gadget Shop.
  3170 | D:6      | Reached XP level 7. HP: 61/61 MP: 6/6
  3227 | D:6      | Found a hazy altar of Hepliaklqana.
  3233 | D:6      | Found a white marble altar of Elyvilon.
  3245 | D:6      | Found a blossoming altar of Fedhas.
  3262 | D:6      | Found a bloodstained altar of Trog.
  3312 | D:6      | Found a staircase to the Ecumenical Temple.
  3316 | D:6      | Noticed Sigmund
  3317 | D:6      | Noticed Edmund
  3324 | D:6      | Killed Sigmund
  3324 | D:6      | Reached skill level 7 in Axes
  3324 | D:6      | Reached skill level 5 in Armour
  3329 | D:6      | Killed Edmund
  3398 | D:6      | Reached skill level 5 in Dodging
  3430 | D:6      | Found a runed door.
  3497 | D:6      | Reached XP level 8. HP: 70/70 MP: 7/7
  3501 | D:6      | Reached skill level 8 in Axes
  3577 | D:6      | Found a stormy altar of Qazlal.
  3838 | D:6      | Noticed Eustachio
  3850 | D:6      | Killed Eustachio
  3998 | D:6      | Noticed Crazy Yiuf
  4004 | D:6      | Killed Crazy Yiuf
  4140 | D:7      | Reached skill level 9 in Axes
  4552 | D:7      | Noticed Menkaure
  4561 | D:7      | Killed Menkaure
  4958 | D:8      | Reached XP level 9. HP: 68/79 MP: 8/8
  5000 | D:8      | Found a runed gate.
  5000 | D:8      | Found a runed gate.
  5000 | D:8      | Found a runed gate.
  5000 | D:8      | Noticed a purple ugly thing
  5000 | D:8      | Noticed a brown ugly thing
  5000 | D:8      | Noticed a red very ugly thing
  5000 | D:8      | Noticed a purple ugly thing
  5154 | D:8      | Reached skill level 10 in Axes
  6117 | D:8      | Killed a green very ugly thing
  6117 | D:8      | Reached skill level 11 in Axes
  6122 | D:8      | Killed a white ugly thing
  6122 | D:8      | Reached XP level 10. HP: 43/89 MP: 9/9
  6124 | D:8      | Killed a white ugly thing
  6129 | D:8      | Killed a white ugly thing
  6391 | D:8      | Found a runed gate.
  6391 | D:8      | Found a runed gate.
  6395 | D:8      | Found a runed gate.
  6398 | D:8      | Noticed strelocc's ghost (novice DEFE)
  6398 | D:8      | Noticed a fire crab
  6416 | D:8      | Killed a fire crab
  6422 | D:8      | Killed strelocc's ghost
  6422 | D:8      | Reached skill level 12 in Axes
  6463 | D:8      | Gained mutation: You are dopey. (Int -2) [mutagenic glow]
  6486 | D:9      | Noticed Harold
  6509 | D:9      | Killed Harold
  6512 | D:9      | Lost mutation: You are dopey. (Int -2) [potion of mutation]
  6512 | D:9      | Gained mutation: Your magical capacity is low. (-10% MP) [potion of mutation]
  6512 | D:9      | Gained mutation: You have a somewhat thin skeletal structure. (Dex +2, Stealth) [potion of mutation]
  7146 | D:9      | Found Ofiokhlo's Antique Armour Emporium.
  7148 | D:9      | Bought a pair of runed gloves for 172 gold pieces
  7187 | D:9      | Noticed Erica
  7201 | D:9      | Killed Erica
  7201 | D:9      | Reached skill level 13 in Axes
  7201 | D:9      | Reached XP level 11. HP: 99/99 MP: 8/8
  7267 | D:9      | Noticed Maurice
  7441 | D:9      | Killed an unseen horror
  7454 | D:9      | Found a roughly hewn altar of Beogh.
  7454 | D:9      | Found a staircase to the Orcish Mines.
  7462 | D:9      | Reached skill level 10 in Fighting
  7541 | D:9      | Found Ilufaon's Book Shoppe.
  7676 | D:9      | Killed Maurice
  7848 | D:10     | Entered Level 10 of the Dungeon
  7897 | D:10     | Noticed a two-headed ogre
  7904 | D:10     | Killed a two-headed ogre
  7904 | D:10     | Reached skill level 10 in Armour
  8283 | D:10     | Noticed a wizard
  8287 | D:10     | Noticed a wizard
  8292 | D:10     | Killed a wizard
  8296 | D:10     | Noticed a wizard
  8296 | D:10     | Paralysed by a wizard for 5 turns
  8307 | D:10     | Killed a wizard
  8322 | D:10     | Killed a wizard
  8322 | D:10     | Reached skill level 14 in Axes
  8329 | D:10     | Noticed a wizard
  8336 | D:10     | Killed a wizard
  8354 | D:10     | Noticed a wizard
  8368 | D:10     | Killed a wizard
  8375 | D:10     | Got an encrusted cloak
  8394 | D:10     | Identified the +0 cloak of Keucw {rElec rC+ rCorr} (You found it on level 10 of the Dungeon)
  8430 | D:10     | Noticed a wizard
  8434 | D:10     | Noticed a wizard
  8440 | D:10     | Killed a wizard
  8456 | D:10     | Killed a wizard
  8456 | D:10     | Reached ***** piety under Trog
  8513 | D:10     | Found the +3 warlock's mirror {reflect}
  8534 | D:10     | Noticed a wizard
  8537 | D:10     | Noticed a wizard
  8540 | D:10     | Paralysed by a wizard for 6 turns
  8554 | D:10     | Killed a wizard
  8554 | D:10     | Reached skill level 10 in Dodging
  8554 | D:10     | Reached XP level 12. HP: 88/110 MP: 9/9
  8779 | D:10     | Found a staircase to the Lair.
  8857 | D:11     | Noticed a six-headed hydra
  8863 | D:11     | Killed a ten-headed hydra
  8978 | D:11     | Noticed a two-headed ogre
  8986 | D:11     | Killed a two-headed ogre
  8986 | D:11     | Reached skill level 15 in Axes
  9136 | D:11     | Noticed a centaur warrior
  9149 | D:11     | Killed a centaur warrior
  9982 | D:12     | Noticed Fannar
 10326 | D:12     | Killed Fannar
 10429 | D:12     | Noticed a two-headed ogre
 10436 | D:12     | Killed a two-headed ogre
 10651 | D:12     | Reached skill level 16 in Axes
 11177 | D:13     | Reached XP level 13. HP: 99/118 MP: 10/10
 11389 | D:13     | Received a gift from Trog
 12335 | D:14     | Reached skill level 17 in Axes
 12404 | D:14     | Found a gate to the Vaults.
 12765 | D:15     | Entered Level 15 of the Dungeon
 12766 | D:15     | Identified 2 scrolls of acquirement
 12770 | D:15     | Got a heavily runed shield
 12828 | D:15     | Found a blossoming altar of Fedhas.
 13696 | D:15     | Reached XP level 14. HP: 59/129 MP: 11/11
 13925 | D:15     | Found a staircase to the Depths.
 14122 | Lair:1   | Entered Level 1 of the Lair of Beasts
 14675 | Lair:1   | Reached skill level 18 in Axes
 14859 | Lair:2   | Received a gift from Trog
 14991 | Lair:2   | Found a staircase to the Snake Pit.
 15256 | Lair:2   | Identified the +2 shield of Action {Str+3} (You acquired it on level 15 of the Dungeon)
 15461 | Lair:2   | Found a staircase to the Shoals.
 16556 | Lair:3   | Reached ****** piety under Trog
 16662 | Lair:3   | Received a gift from Trog
 16719 | Lair:3   | Reached skill level 1 in Shields
 17451 | Lair:4   | Reached skill level 5 in Shields
 17948 | Lair:5   | Reached XP level 15. HP: 123/138 MP: 12/12
 18271 | Lair:5   | Received a gift from Trog
 18404 | Lair:5   | Noticed Josephine
 18409 | Lair:5   | Killed Josephine
 18810 | Lair:5   | Noticed Rupert
 18821 | Lair:5   | Killed Rupert
 18883 | Lair:6   | Entered Level 6 of the Lair of Beasts
 18983 | Lair:6   | Found a staircase to the Slime Pits.
 19327 | Lair:6   | Reached skill level 10 in Shields
 19692 | Lair:6   | Received a gift from Trog
 20304 | Snake:1  | Entered Level 1 of the Snake Pit
 20502 | Snake:1  | Found Utiqex's Food Emporium.
 20513 | Snake:1  | Reached skill level 19 in Axes
 20523 | Snake:1  | Bought a ration for 70 gold pieces
 20523 | Snake:1  | Bought a ration for 70 gold pieces
 20523 | Snake:1  | Bought a ration for 70 gold pieces
 20523 | Snake:1  | Bought a ration for 70 gold pieces
 20523 | Snake:1  | Bought a ration for 70 gold pieces
 20523 | Snake:1  | Bought a ration for 70 gold pieces
 20523 | Snake:1  | Bought a ration for 70 gold pieces
 20523 | Snake:1  | Bought a ration for 70 gold pieces
 20523 | Snake:1  | Bought a ration for 70 gold pieces
 20523 | Snake:1  | Bought a ration for 70 gold pieces
 20523 | Snake:1  | Bought a ration for 70 gold pieces
 20523 | Snake:1  | Bought a ration for 70 gold pieces
 20523 | Snake:1  | Bought a ration for 70 gold pieces
 20523 | Snake:1  | Bought a ration for 70 gold pieces
 20722 | Snake:1  | Found a glowing silver altar of Zin.
 21564 | Snake:2  | Reached XP level 16. HP: 121/147 MP: 4/13
 22616 | Snake:3  | Reached skill level 15 in Fighting
 22893 | Snake:3  | Reached skill level 20 in Axes
 23746 | Snake:3  | Found Gostreu's Gadget Boutique.
 23746 | Snake:3  | Found Pathool's Jewellery Shoppe.
 23747 | Snake:3  | Found Wodoitu's Gadget Boutique.
 23756 | Snake:3  | Reached skill level 15 in Armour
 24179 | Snake:4  | Entered Level 4 of the Snake Pit
 25348 | Snake:4  | Reached XP level 17. HP: 128/157 MP: 1/14
 25390 | Snake:4  | Received a gift from Trog
 25890 | Snake:4  | Reached skill level 21 in Axes
 25915 | Snake:4  | Received a gift from Trog
 26580 | Snake:4  | Got a serpentine rune of Zot
 26896 | Orc:1    | Entered Level 1 of the Orcish Mines
 27185 | Orc:2    | Entered Level 2 of the Orcish Mines
 27510 | Orc:2    | Found Joocw's Magic Scroll Boutique.
 27538 | Orc:2    | Found Xohekunn's General Store.
 27596 | Orc:2    | Bought a scroll of identify for 22 gold pieces
 27596 | Orc:2    | Bought a scroll of identify for 22 gold pieces
 27596 | Orc:2    | Bought a scroll of acquirement for 572 gold pieces
 27596 | Orc:2    | Bought a scroll of identify for 22 gold pieces
 27596 | Orc:2    | Bought a scroll of fear for 38 gold pieces
 27596 | Orc:2    | Bought a scroll of identify for 22 gold pieces
 27597 | Orc:2    | Got a pair of faintly humming boots
 27609 | Orc:2    | Identified the +0 pair of boots "Noqipt" {rC+} (You acquired it on level 2 of the Orcish Mines)
 27623 | Orc:2    | Reached skill level 22 in Axes
 27623 | Orc:2    | Reached XP level 18. HP: 166/166 MP: 5/15
 27626 | Orc:2    | Bought a scroll of silence for 112 gold pieces
 27716 | Orc:2    | Found Daublyv's Antique Weapon Shop.
 27723 | Orc:2    | Found a staircase to the Elven Halls.
 28358 | Orc:2    | Found Soatuog's Gadget Emporium.
 28358 | Orc:2    | Found Kiumpec's Antique Weapon Shoppe.
 28442 | Orc:2    | Found a one-way gate leading to the halls of Pandemonium.
 28798 | Shoals:1 | Entered Level 1 of the Shoals
 28798 | Shoals:1 | Noticed Louise
 28809 | Shoals:1 | Killed Louise
 28867 | Shoals:1 | Got twisted gold dragon scales
 28878 | Shoals:1 | Identified the +11 gold dragon scales of Qiluetso {rPois rF+ rC+ rCorr SInv} (You acquired it on level 1 of the Shoals)
 28970 | Shoals:1 | Reached skill level 23 in Axes
 29266 | Shoals:1 | Found Zoothroig's General Store.
 29281 | Shoals:1 | Bought 2 potions of cancellation for 192 gold pieces
 29625 | Shoals:1 | Received a gift from Trog
 29870 | Shoals:2 | Noticed Ilsuiw
 29883 | Shoals:2 | Killed Ilsuiw
 30182 | Shoals:2 | Reached XP level 19. HP: 113/172 MP: 5/16
 30831 | Shoals:3 | Lost mutation: Your magical capacity is low. (-10% MP) [potion of mutation]
 30831 | Shoals:3 | Lost mutation: You have a somewhat thin skeletal structure. (Dex +2, Stealth) [potion of mutation]
 30831 | Shoals:3 | Gained mutation: Your spells are a little harder to cast, but a little more powerful. [potion of mutation]
 30831 | Shoals:3 | Gained mutation: Your muscles are strong. (Str +2) [potion of mutation]
 30831 | Shoals:3 | Gained mutation: Your natural rate of healing is unusually fast. [potion of mutation]
 30879 | Shoals:3 | Found a runed gate.
 30880 | Shoals:3 | Found a runed gate.
 30880 | Shoals:3 | Found an opulent altar of Gozag.
 30881 | Shoals:3 | Found a runed gate.
 30901 | Shoals:3 | Noticed Qigyucag's ghost (adept MiBe)
 30906 | Shoals:3 | Reached skill level 24 in Axes
 31099 | Shoals:3 | Found Lodghidoll's Antique Weapon Boutique.
 31665 | Shoals:3 | Found Osadd's Assorted Antiques.
 31701 | Shoals:4 | Entered Level 4 of the Shoals
 31734 | Shoals:3 | Killed Qigyucag's ghost
 31826 | Shoals:3 | Bought a potion of haste for 290 gold pieces
 31826 | Shoals:3 | Bought a potion of curing for 87 gold pieces
 32287 | Shoals:4 | Got a warped gossamer ring
 32289 | Shoals:4 | Identified the ring "Nynyl" {rElec rPois rF+ rC- Int+2} (You found it on level 4 of the Shoals)
 32358 | Shoals:4 | Slain by an alligator snapping turtle

Vault maps used:
D:1:      lemuel_arrival_rhombus
D:2:      lemuel_round_altar
D:3:      grunt_temple_overflow_open, first_ration
D:4:      minmay_tree_intersection
D:5:      lemuel_crystal_altar, lemuel_round_altar,
          nicolae_qazlal_eye_of_the_storm
D:6:      kennysheep_mini_moat, nicolae_overflow_quartered_altars,
          temple_pool_b, serial_shops, shop, uniq_crazy_yiuf_cottage,
          uniq_eustachio, uniq_edmund, uniq_sigmund
D:7:      uniq_menkaure
D:8:      kennysheep_housing_project,
          ploomutoo_gammafunk_ghost_potion_laboratory
D:9:      david_orc_5, serial_shops, shop, nicolae_shop_behind_doors,
          grunt_pizzeria, lemuel_flamethrower_1, uniq_maurice, uniq_harold,
          uniq_erica
D:10:     minmay_smoke_and_mirrors, lair_entry_dummy
D:11:     serial_curves, eino_curves_03, eino_curves_02, eino_curves_04,
          eino_curves_04
D:12:     uniq_fannar
D:14:     erik_vaults_1, kennysheep_nub, minmay_librarian
D:15:     grunt_enter_depths_magical_seal, serial_glass, glass_columns_a,
          glass_columns_a, fedhas_altar_1, grunt_ministairs_13,
          solitary_fountain
Lair:1:   serial_bayou_lagoon_a
Lair:2:   minmay_shoals_entry_centaurs, guppyfry_snake_entry_garden,
          wad_woods_06, grunt_megastairs_3
Lair:3:   st_stairs_7, grunt_forest_small_clearings, serial_bayou_pond_b,
          lemuel_fruit_tree
Lair:4:   minmay_lair_oklob_chamber
Lair:5:   grunt_megastairs_4, uniq_rupert, uniq_josephine
Lair:6:   minmay_lair_end_enchanted_forest, nicolae_slime_entry_slimehenge
Shoals:1: nicolae_shoals_c_island, uniq_louise
Shoals:2: nicolae_shoals_cliffside_cave, uniq_ilsuiw
Shoals:3: ebering_ghost_gozag, serial_shops, nicolae_shop_waterfront
Shoals:4: shoals_end_grunt_garden, serial_shops,
          nicolae_shop_overgrown_old_shop, uniq_polyphemus
Snake:1:  basic_altar, serial_shops, shop, statue_in_the_mist_lemuel,
          spider_trap
Snake:2:  special_room, library_closet
Snake:3:  minmay_shop_grove
Snake:4:  grunt_snake_rune_serpentine_throne, serial_bayou_shore_a
Orc:1:    uniq_snorg
Orc:2:    pf_orc_diabolical, serial_shops, shop, nicolae_orc_bridge_out

Skill      XL: |  1  2  3  4  5  6  7  8  9 10 11 12 13 14 15 16 17 18 19 |
---------------+----------------------------------------------------------+-----
Axes           | 4 5 6 7 9 11 13 14 16 17 18 19 20 22 23 24 | 24.8
Fighting       | 4 5 6 7 8 9 11 12 13 14 15 16 | 16.1
Armour         | 3 4 5 6 8 9 10 11 13 14 15 | 15.9
Dodging        | 3 4 5 6 7 8 10 11 12 13 14 | 14.8
Shields        | 6 11 | 11.7

Action                   |  1- 3 |  4- 6 |  7- 9 | 10-12 | 13-15 | 16-18 | 19-21 || total
-------------------------+-------+-------+-------+-------+-------+-------+-------++-------
Melee: Hand axe          |   103 |   228 |   257 |   176 |       |       |       ||   764
       Headbutt          |    13 |    36 |    59 |   151 |   254 |   207 |    60 ||   780
       War axe           |       |       |       |   268 |       |       |       ||   268
       Battleaxe         |       |       |       |   121 |   676 |       |       ||   797
       Broad axe         |       |       |       |       |    45 |       |       ||    45
       Executioner's axe |       |       |       |       |   304 |   864 |   214 ||  1382
Invok: Berserk           |       |       |     5 |    10 |     5 |     8 |     5 ||    33
       Trog's Hand       |       |       |     3 |    14 |    17 |    40 |    14 ||    88
       Brothers in Arms  |       |       |     2 |     2 |     3 |     8 |     5 ||    20
  Use: Scroll            |       |       |     7 |    11 |    25 |     9 |     1 ||    53
       Potion            |       |       |       |     2 |     1 |     2 |     3 ||     8
 Stab: Distracted        |       |       |       |       |       |       |     1 ||     1
  Eat: Chunk             |       |     7 |    14 |    39 |    46 |    54 |    19 ||   179
       Ration            |       |       |     4 |       |       |       |       ||     4
Armor: Plate armour      |    91 |   134 |   122 |   322 |   585 |   390 |       ||  1644
       Gold dragon scale |       |       |       |       |       |   126 |   351 ||   477
Dodge: Dodged            |    38 |   105 |   142 |   316 |   664 |   658 |   215 ||  2138
       Deflected         |       |     2 |       |       |       |       |       ||     2
Block: Shield            |       |       |       |       |    24 |       |       ||    24

Table legend:
 A = Spawn XP
 B = Non-spawn XP
 C = Spawn XP percentage of total XP
 D = Spawn monster count
 E = Non-spawn monster count
 F = Spawn count percentage of total count
 G = Total turns spent on level
                    A         B        C        D         E        F      G
               +---------+---------+-------+---------+---------+-------+---------
         Total |       0 |  331989 |   0.0 |       0 |    1209 |   0.0 | 32358
               +---------+---------+-------+---------+---------+-------+---------
           D:1 |       0 |      49 |   0.0 |       0 |      25 |   0.0 |   609
           D:2 |       0 |     123 |   0.0 |       0 |      44 |   0.0 |   750
           D:3 |       0 |      73 |   0.0 |       0 |      19 |   0.0 |   532
           D:4 |       0 |     240 |   0.0 |       0 |      22 |   0.0 |   834
           D:5 |       0 |      38 |   0.0 |       0 |       2 |   0.0 |   226
           D:6 |       0 |    1456 |   0.0 |       0 |      30 |   0.0 |  1007
           D:7 |       0 |     523 |   0.0 |       0 |       7 |   0.0 |   985
           D:8 |       0 |    5866 |   0.0 |       0 |      55 |   0.0 |  1543
           D:9 |       0 |    5744 |   0.0 |       0 |      60 |   0.0 |  1398
          D:10 |       0 |    9571 |   0.0 |       0 |      27 |   0.0 |  1120
          D:11 |       0 |    4755 |   0.0 |       0 |      30 |   0.0 |  1300
          D:12 |       0 |    7587 |   0.0 |       0 |      56 |   0.0 |   720
          D:13 |       0 |    7839 |   0.0 |       0 |      37 |   0.0 |  1285
          D:14 |       0 |   12374 |   0.0 |       0 |      37 |   0.0 |   674
          D:15 |       0 |   10263 |   0.0 |       0 |      29 |   0.0 |  1229
        Lair:1 |       0 |    5256 |   0.0 |       0 |      26 |   0.0 |   782
        Lair:2 |       0 |   11353 |   0.0 |       0 |      49 |   0.0 |  1496
        Lair:3 |       0 |   13757 |   0.0 |       0 |      52 |   0.0 |  1036
        Lair:4 |       0 |    5577 |   0.0 |       0 |      27 |   0.0 |   653
        Lair:5 |       0 |   12175 |   0.0 |       0 |      37 |   0.0 |   976
        Lair:6 |       0 |   14516 |   0.0 |       0 |      67 |   0.0 |  1343
      Shoals:1 |       0 |   12832 |   0.0 |       0 |      29 |   0.0 |   999
      Shoals:2 |       0 |   11431 |   0.0 |       0 |      24 |   0.0 |   770
      Shoals:3 |       0 |   27013 |   0.0 |       0 |      51 |   0.0 |  1628
      Shoals:4 |       0 |    8309 |   0.0 |       0 |      18 |   0.0 |   163
       Snake:1 |       0 |   12363 |   0.0 |       0 |      20 |   0.0 |   905
       Snake:2 |       0 |   19532 |   0.0 |       0 |      35 |   0.0 |  1223
       Snake:3 |       0 |   23689 |   0.0 |       0 |      45 |   0.0 |  2249
       Snake:4 |       0 |   61723 |   0.0 |       0 |     109 |   0.0 |  2116
         Orc:1 |       0 |    2990 |   0.0 |       0 |      28 |   0.0 |   308
         Orc:2 |       0 |   22972 |   0.0 |       0 |     112 |   0.0 |  1499
               +---------+---------+-------+---------+---------+-------+---------
